 Dungeon Crawl Stone Soup version 0.18.1-47-g9310371 (webtiles) character file.

2695 M4edhros the Covert (level 9, -1/61 HPs)
             Began as an Octopode Artificer on June 13, 2016.
             Was an Elder of Dithmenos.
             Slain by a troll (16 damage)
             ... on level 8 of the Dungeon.
             The game lasted 00:09:58 (7471 turns).

M4edhros the Covert (Octopode Artificer)            Turns: 7471, Time: 00:09:59

Health: -1/61      AC:  1    Str: 10    XL:     9   Next: 65%
Magic:  20/20      EV: 18    Int: 14    God:    Dithmenos [****..]
Gold:   395        SH:  5    Dex: 16    Spells: 0 memorised, 8 levels left

rFire  . . .     SeeInvis .     m - +2 dagger (venom)
rCold  . . .     Gourm    .     I - +0 buckler
rNeg   . . .     Faith    .     (helmet restricted)
rPois  .         Spirit   .     h - amulet of harm
rElec  .         Dismiss  .     i - ring of resist corrosion
rCorr  +         Reflect  .     t - +3 ring of evasion
SustAt .         Harm     +     x - ring of magical power
MR     .....                    (no ring)
Stlth  +++++++++.               (no ring)
                                (no ring)
                                (no ring)
                                (no ring)

@: wreathed by umbra, not resistant to hostile enchantments, incredibly stealthy
A: almost no armour, amphibious, 8 rings, constrict 8, camouflage 1, gelatinous
body 1
a: Shadow Step, Renounce Religion


You were on level 8 of the Dungeon.
You worshipped Dithmenos.
Dithmenos was greatly pleased with you.
You were very hungry.

You visited 1 branch of the dungeon, and saw 8 of its levels.

You collected 395 gold pieces.

Inventory:

Hand Weapons
 m - a +2 dagger of venom (weapon)
 o - a +2 hunting sling
 y - a +1 short sword of venom
Missiles
 k - 58 sling bullets
 l - 151 stones (quivered)
Armour
 I - a +0 buckler (worn)
Jewellery
 e - a cursed ring of teleportation {unknown}
 h - an amulet of harm (around mantle)
 i - a ring of resist corrosion (left tentacle)
 t - a +3 ring of evasion (right tentacle)
 x - a ring of magical power (on tentacle)
Wands
 c - a wand of enslavement (15/24)
 v - a wand of paralysis (5/24)
 D - a wand of lightning (9/15)
 G - a wand of slowing (25/48)
Scrolls
 b - 2 scrolls of random uselessness {unknown}
 d - 2 scrolls of fear {unknown}
 g - 3 scrolls of remove curse
 r - a scroll of fog {unknown}
 w - a scroll of noise {unknown}
 B - 2 scrolls of teleportation {unknown}
 C - 2 scrolls of recharging {unknown}
 F - 2 scrolls of enchant weapon
 H - a scroll of silence {unknown}
 J - 2 scrolls of amnesia
 L - a scroll of identify
 N - a scroll of summoning {unknown}
Potions
 a - a potion of invisibility {unknown}
 j - a potion of brilliance {unknown}
 p - 2 potions of curing {unknown}
 s - a potion of haste {unknown}
 u - 5 potions of lignification {unknown}
 z - 2 potions of ambrosia {unknown}
 A - 3 potions of agility {unknown}
 K - a potion of might {unknown}
Books
 M - a book of Dreams

   Spells                             Type                      Level
   a - Ensorcelled Hibernation        Hexes/Ice                    2
   b - Silence                        Hexes/Air                    5
   c - Darkness                       Hexes                        6
   d - Shadow Creatures               Summoning                    6
Comestibles
 f - 5 bread rations
 n - 3 beef jerkies
 q - a meat ration
 E - 5 fruits


   Skills:
 + Level 5.1 Fighting
 - Level 1.0 Short Blades
 * Level 4.2 Slings
 + Level 5.2 Dodging
 * Level 12.5 Stealth
 + Level 3.4 Shields
 - Level 3.2 Evocations


You had 8 spell levels left.
You didn't know any spells.

Dungeon Overview and Level Annotations

Branches:
Dungeon (8/15)             Temple (0/1) D:4
   Lair: D:8-11

Altars:
Dithmenos
Fedhas
Nemelex Xobeh
Pakellas
Qazlal
Yredelemnul
Zin

Shops:
D:3 *   D:5 (

Annotations:
D:4 Barrydekale's ghost, novice GrFi


Innate Abilities, Weirdness & Mutations

You cannot wear most types of armour.
You are amphibious.
You can wear up to eight rings at the same time.
You can use your tentacles to constrict eight enemies at once.
Your skin changes colour to match your surroundings (Stealth).
Your rubbery body absorbs attacks (AC +1).


Message History

Found a blackened silver wand.
There is a stone staircase leading up here.
Things that are here:
a dagger of venom; a ring mail
Items here: )))) [ †† An ice beast comes into view.
The ice beast hits you. The ice beast freezes you!
* * * LOW HITPOINT WARNING * * *
Drink which item? (? for menu, Esc to quit)
Okay, then.
Read which item? (? for menu, Esc to quit)
Okay, then.
Evoke which item? (* to show all) (? for menu, Esc to quit)
Zapping:
v - a wand of paralysis (6/24)
Press: ? - help, Shift-Dir - straight line, f - troll
Aim: a troll (umbra, chance to defeat MR: 52%)
The troll resists with significant effort.
This wand has 5 charges left.
You block the troll's attack. x2
The troll claws you!
You die...

#### #... #####
###...
#...#########.....
#..........)......
#@T.#########).)..
##Y## #))......
#.# #.####... #.#
#.# ##.. #.# #)#
##. #.# #.# ####.
#.# #.# #.... #.#
#># #.##. #.# #.#
#.##.


You could see a troll and an ice beast.

Vanquished Creatures
  Joseph (D:7)
  Sigmund (D:4)
  A hippogriff (D:7)
  Menkaure (D:5)
  An orc warrior (D:7)
  A phantom (D:7)
  A necrophage (D:5)
  3 centaurs (D:6)
  2 ogres
  Blork the orc (D:5)
  A giant frog (D:7)
  2 scorpions
  A howler monkey (D:4)
  4 crimson imps
  A giant frog zombie (D:7)
  A jelly (D:6)
  A centaur skeleton (D:5)
  3 orc priests
  Ijyb (D:3)
  7 orc wizards
  6 worker ants
  Robin (D:2)
  A worker ant zombie (D:6)
  12 adders
  2 adder zombies
  An adder skeleton (D:7)
  2 dart slugs
  2 worms
  7 giant geckos
  28 orcs
  12 bats
  7 giant cockroaches
  5 hobgoblins
  14 jackals
  2 quokkas
  5 giant newts
  14 goblins
  A jackal skeleton (D:5)
  12 kobolds
  A quokka skeleton (D:5)
  13 rats
183 creatures vanquished.

Notes
Turn   | Place    | Note
--------------------------------------------------------------
     0 | D:1      | M4edhros the Octopode Artificer began the quest for the Orb.
     0 | D:1      | Reached XP level 1. HP: 13/13 MP: 3/3
    66 | D:1      | Reached skill level 2 in Stealth
   117 | D:2      | Reached skill level 3 in Stealth
   117 | D:2      | Reached XP level 2. HP: 3/18 MP: 4/4
   495 | D:3      | Found a shadowy altar of Dithmenos.
   513 | D:3      | Became a worshipper of Dithmenos the Shadowed
   549 | D:2      | Reached skill level 4 in Stealth
   590 | D:2      | Reached XP level 3. HP: 23/23 MP: 5/5
  1092 | D:1      | Reached * piety under Dithmenos
  1092 | D:1      | Reached skill level 5 in Stealth
  1561 | D:2      | Reached XP level 4. HP: 28/28 MP: 6/6
  1755 | D:2      | Found a sparkling altar of Nemelex Xobeh.
  1876 | D:2      | Noticed Robin
  1877 | D:2      | Reached skill level 6 in Stealth
  2172 | D:2      | Reached ** piety under Dithmenos
  2388 | D:2      | Found an oddly glowing altar of Pakellas.
  2411 | D:2      | Reached XP level 5. HP: 23/33 MP: 7/7
  2556 | D:2      | Reached skill level 7 in Stealth
  2689 | D:2      | Killed Robin
  3190 | D:3      | Noticed Ijyb
  3196 | D:3      | Killed Ijyb
  3196 | D:3      | Reached skill level 8 in Stealth
  3249 | D:3      | Found Zin's Purification Station.
  3254 | D:3      | Found a glowing silver altar of Zin.
  3387 | D:4      | Noticed Sigmund
  3401 | D:4      | Killed Sigmund
  3401 | D:4      | Reached XP level 6. HP: 37/39 MP: 8/8
  3427 | D:4      | Reached skill level 9 in Stealth
  3458 | D:4      | Reached XP level 7. HP: 45/45 MP: 8/9
  3574 | D:4      | Noticed Barrydekale's ghost (novice GrFi)
  3835 | D:4      | Found a staircase to the Ecumenical Temple.
  4016 | D:4      | Found a blossoming altar of Fedhas.
  4110 | D:5      | Entered Level 5 of the Dungeon
  4110 | D:5      | Noticed Blork the orc
  4111 | D:5      | Killed Blork the orc
  4137 | D:5      | Found Jyitim's Weapon Shop.
  4178 | D:5      | Reached skill level 10 in Stealth
  4260 | D:5      | Noticed Menkaure
  4265 | D:5      | Killed Menkaure
  4265 | D:5      | Reached XP level 8. HP: 52/52 MP: 10/10
  4723 | D:5      | Reached *** piety under Dithmenos
  4945 | D:6      | Found a basalt altar of Yredelemnul.
  5251 | D:6      | Reached skill level 11 in Stealth
  5276 | D:6      | Reached skill level 1 in Slings
  5453 | D:6      | Reached skill level 1 in Shields
  5994 | D:7      | Found a stormy altar of Qazlal.
  6034 | D:7      | Reached XP level 9. HP: 24/59 MP: 11/11
  6388 | D:7      | Noticed Joseph
  6397 | D:7      | Killed Joseph
  6397 | D:7      | Reached skill level 5 in Dodging
  6397 | D:7      | Reached skill level 12 in Stealth
  6909 | D:7      | Reached skill level 5 in Fighting
  7208 | D:8      | Reached **** piety under Dithmenos
  7380 | D:8      | Noticed a troll
  7381 | D:8      | Noticed a two-headed ogre
  7471 | D:8      | Slain by a troll

Skill      XL: |  1  2  3  4  5  6  7  8  9 |
---------------+----------------------------+-----
Stealth        | 3 4 5 6 8 9 10 11 12 | 12.5
Fighting       | 2 3 4 5 |  5.1
Dodging        | 3 4 5 |  5.2
Slings         | 2 4 |  4.2
Shields        | 2 3 |  3.4
Short Blades   | |  1.0
Evocations     | |  3.2

Action                   |  1- 3 |  4- 6 |  7- 9 || total
-------------------------+-------+-------+-------++-------
Melee: Short sword       |    35 |    11 |    85 ||   131
       Staff             |     5 |       |       ||     5
       Tentacles         |     3 |     8 |    20 ||    31
       Constrict         |     7 |    15 |    40 ||    62
       Dagger            |       |    53 |    85 ||   138
 Fire: Hunting sling     |    38 |    33 |    26 ||    97
Evoke: Wand              |       |       |     4 ||     4
  Use: Scroll            |     7 |       |     4 ||    11
       Potion            |       |       |     1 ||     1
 Stab: Sleeping          |    13 |    10 |    38 ||    61
       Paralysed         |       |       |     1 ||     1
  Eat: Chunk             |     2 |     5 |    12 ||    19
Armor: Skin              |     2 |     3 |     3 ||     8
Dodge: Dodged            |    30 |    37 |    92 ||   159
Block: Buckler           |       |       |    15 ||    15
